 Dungeon Crawl Stone Soup version 0.24.0-123-gd5b16e6ec5 (webtiles) character file.

Game seed: 6263791500199494812, levelgen mode: deterministic

4519 mortelune the Carver (level 10, -2/80 HPs)
             Began as a Formicid Abyssal Knight on Dec 21, 2019.
             Was an Elder of Lugonu.
             Slain by a chaos spawn (13 damage)
             ... summoned by an obsidian statue
             ... on level 8 of the Dungeon.
             The game lasted 00:20:42 (12228 turns).

mortelune the Carver (Formicid Abyssal Knight)     Turns: 12228, Time: 00:20:42

Health: -2/80      AC: 14    Str: 20    XL:     10   Next: 66%
Magic:  16/16      EV: 11    Int: 12    God:    Lugonu [****..]
Gold:   466        SH:  0    Dex: 13    Spells: 9/9 levels left

rFire    . . .     SeeInvis +   h - +0 scimitar
rCold    . . .     Gourm    .   (no shield)
rNeg     . . .     Faith    .   v - +0 chain mail
rPois    .         Spirit   .   (helmet unavailable)
rElec    .         Reflect  .   F - +2 cloak
rCorr    .         Harm     .   (no gloves)
MR       +....                  (no boots)
Stlth    ..........             (no amulet)
HPRegen  0.23/turn              D - +3 ring of evasion
MPRegen  0.15/turn              m - +3 ring of dexterity

@: lethally poisoned (-2 -> -7), lightly drained
A: permanent stasis, dig shafts and tunnels, four strong arms, antennae 3
a: Dig, Shaft Self, Depart the Abyss, Bend Space, Banish, Corrupt, Renounce
Religion


You were on level 8 of the Dungeon.
You worshipped Lugonu.
Lugonu was greatly pleased with you.
You were near starving.

You visited 2 branches of the dungeon, and saw 11 of its levels.
You visited the Abyss 1 time.
You also visited: Sewer.

You collected 466 gold pieces.

Inventory:

Hand Weapons
 a - a +2 falchion
 h - a +0 scimitar (weapon)
 y - a +0 morningstar
 B - a cursed +3 great sword
Missiles
 j - 6 boomerangs (quivered)
Armour
 b - a +0 leather armour
 o - a +0 ring mail
 v - a +0 chain mail (worn)
 x - a +1 cloak
 F - a +2 cloak (worn)
Jewellery
 g - an uncursed ring of flight
 m - a +3 ring of dexterity (right hand)
 D - a +3 ring of evasion (left hand)
Wands
 f - a wand of flame (18)
 E - a wand of acid (7)
Scrolls
 d - 6 scrolls of enchant armour
 e - 5 scrolls of amnesia
 k - a scroll of fog
 r - 3 scrolls of remove curse
 w - a scroll of fear
 z - 5 scrolls of identify
 C - a scroll of vulnerability {unknown}
 G - a scroll of holy word
Potions
 i - 6 potions of curing
 l - 4 potions of lignification
 n - a potion of ambrosia
 p - 4 potions of degeneration
 q - a potion of might
 s - 5 potions of heal wounds
 t - 2 potions of brilliance
 u - 2 potions of flight
 A - a potion of haste
Comestibles
 c - 11 rations


   Skills:
 + Level 8.0(7.9) Fighting
 * Level 9.4(9.3) Long Blades
 + Level 7.5(7.4) Armour
 - Level 2.0(1.9) Dodging
 + Level 8.3(8.1) Invocations


You had 9 spell levels left.
You didn't know any spells.
Your spell library was empty.

Dungeon Overview and Level Annotations

Branches:
Dungeon (10/15)            Temple (1/1) D:5           Sewer (visited)
   Lair: D:8-11         Orc: D:9-12

Altars:
Ashenzari
Cheibriados
Dithmenos
Elyvilon
Fedhas
Gozag
Hepliaklqana
Kikubaaqudgha
Makhleb
Nemelex Xobeh
Okawaru
Qazlal
Ru
Sif Muna
Trog
Uskayaw
Vehumet
Wu Jian
Xom
Yredelemnul
Zin
The Shining One

Annotations:
D:8 exclusion: obsidian statue


Innate Abilities, Weirdness & Mutations

You cannot be hasted, slowed, berserked, paralysed or teleported.
You can dig through walls and to a lower floor.
Your four strong arms can wield two-handed weapons with a shield.
You have a pair of large antennae on your head. (SInv)


Message History

The obsidian statue's eyes glow briefly.
The chaos spawn gores you! The chaos spawn shocks you.
You hit the obsidian statue.
The obsidian statue is severely damaged.
You break out of your daze.
You feel sick.
The white imp hits you but does no damage.
The chaos spawn hits you. The chaos spawn freezes you!
* * * LOW HITPOINT WARNING * * *
You hit the obsidian statue but do no damage.
The obsidian statue is severely damaged.
The white imp misses you. The chaos spawn closely misses you.
You slash the obsidian statue!
The obsidian statue is almost destroyed.
You feel sick. The white imp misses you.
The chaos spawn briefly grows a face disturbingly similar to your own.
The chaos spawn hits you!
* * * LOW HITPOINT WARNING * * *
The chaos spawn freezes you!
You die...

#..#..........?..#.# #.#
#..#############.#.# #.# #..##
#.#.# #.# #...# #.#.# #.. #...##
#.#.# ##. #....### #.#.# #.
#......#### #.#.# #. #......548#
#.#.# #. #...(..##@# #.#.## #.
#....###5## #....# #. #...####.#
###..# #. ########........#
#..#####. #.<....#..#######
#..(..... #......#..#...#
#........ #..###.#..###.####
#..###### ...# #.#..#
#....########........
#..###.#..###.##...........######


You could see an obsidian statue, a chaos spawn and 2 white imps.

Vanquished Creatures
  Pikel (D:4)
  Sigmund (D:6)
  3 ice beasts
  2 sky beasts
  2 slaves (D:4)
  2 black bears (D:7)
  A necrophage (D:7)
  An ogre (D:6)
  A centaur (D:10)
  3 big kobolds
  2 bullfrogs
  A scorpion (D:7)
  8 wights
  An electric eel (D:6)
  3 vampire bats (D:4)
  2 crimson imps
  A bullfrog zombie (D:10)
  3 orc priests
  2 gnoll shamans
  2 centaur skeletons
  4 hounds
  A jelly (D:5)
  A bullfrog skeleton (D:8)
  2 iguanas
  10 orc wizards
  5 worker ants
  A hound zombie (D:5)
  12 gnolls
  2 howler monkey skeletons
  7 adders
  3 shadow imps
  3 oozes
  An adder zombie (D:8)
  5 worms
  2 dart slugs
  8 leopard geckos
  21 orcs
  6 bat skeletons (D:4)
  8 giant cockroaches
  2 gnoll zombies (D:3)
  6 goblins
  4 hobgoblins
  37 jackals
  5 quokkas
  7 ball pythons
  12 bats
  10 frilled lizards
  A giant cockroach zombie (D:5)
  24 kobolds
  A quokka skeleton (D:8)
  7 rats
260 creatures vanquished.

Vanquished Creatures (others)
  A two-headed ogre (D:8)
  A hornet (D:5)
  3 orc warriors
  An ogre (D:7)
  A centaur (D:5)
  A gnoll (D:5)
8 creatures vanquished.

Grand Total: 268 creatures vanquished

Notes
Turn   | Place    | Note
-------+----------+-------------------------------------------
     0 | Abyss:1  | mortelune the Formicid Abyssal Knight began the quest for
                  | the Orb.
     0 | Abyss:1  | Reached XP level 1. HP: 18/18 MP: 2/2
    33 | Abyss:1  | Noticed an apocalypse crab
    33 | Abyss:1  | Noticed a raiju
    34 | D:1      | Escaped the Abyss
   181 | D:1      | Reached skill level 1 in Dodging
   194 | D:1      | Reached XP level 2. HP: 19/24 MP: 3/3
   478 | D:1      | Reached * piety under Lugonu
   570 | D:1      | Reached XP level 3. HP: 9/29 MP: 4/4
  1659 | D:2      | Reached XP level 4. HP: 37/37 MP: 6/6
  2435 | D:3      | Reached XP level 5. HP: 30/42 MP: 7/7
  2577 | D:3      | Reached ** piety under Lugonu
  2617 | D:3      | Found a snail-covered altar of Cheibriados.
  2854 | D:3      | Found a shattered altar of Ashenzari.
  3320 | D:3      | Found a glowing silver altar of Zin.
  3400 | D:3      | Reached skill level 3 in Long Blades
  3403 | D:3      | Reached XP level 6. HP: 48/48 MP: 8/8
  3648 | D:3      | Found a basalt altar of Yredelemnul.
  4696 | D:4      | Reached XP level 7. HP: 49/55 MP: 10/10
  4791 | D:4      | Reached skill level 4 in Long Blades
  5213 | D:4      | Reached *** piety under Lugonu
  5225 | D:4      | Found an ancient bone altar of Kikubaaqudgha.
  5405 | D:4      | Noticed Pikel
  5452 | D:4      | Killed Pikel
  5452 | D:4      | Reached skill level 5 in Fighting
  5452 | D:4      | Reached skill level 5 in Long Blades
  5452 | D:4      | Reached skill level 5 in Invocations
  5452 | D:4      | Reached XP level 8. HP: 47/63 MP: 10/12
  6190 | D:5      | Entered Level 5 of the Dungeon
  6213 | D:5      | Found a glowing drain.
  6226 | Sewer    | Entered a sewer
  6264 | Sewer    | Reached skill level 5 in Armour
  6481 | Sewer    | Reached skill level 6 in Long Blades
  6710 | D:5      | Reached **** piety under Lugonu
  6904 | D:5      | Noticed a hornet
  6914 | D:5      | Banished a hornet
  6914 | D:5      | Reached XP level 9. HP: 36/69 MP: 13/13
  7116 | D:5      | Found a staircase to the Ecumenical Temple.
  7431 | D:5      | Reached skill level 7 in Long Blades
  7467 | Temple   | Entered the Ecumenical Temple
  7830 | D:5      | Found a burning altar of Makhleb.
  8338 | D:6      | Noticed Sigmund
  8351 | D:6      | Killed Sigmund
  9318 | D:7      | Reached skill level 8 in Long Blades
  9468 | D:7      | Reached XP level 10. HP: 71/79 MP: 15/15
 10993 | D:8      | Found a radiant altar of Vehumet.
 11003 | D:8      | You fall into a shaft and drop 2 floors!
 11003 | D:10     | Entered Level 10 of the Dungeon
 11088 | D:10     | Reached skill level 9 in Long Blades
 11523 | D:8      | Noticed a two-headed ogre
 11524 | D:8      | Banished a two-headed ogre
 11525 | D:8      | Found a sacrificial altar of Ru.
 12155 | D:8      | Noticed an obsidian statue
 12228 | D:8      | Slain by a chaos spawn

Levels and vault maps discovered:
D:1:      evilmike_arrival_hilbert_curve, layout_basic
D:2:      layout_rooms, minmay_misc_feat_roman
D:3:      layout_basic, kennysheep_slug_shrine, lemuel_zombie_altar_yredelemnul,
          zin_academy, ashenzari_conservatory_becter, minmay_fractal_squares_5
D:4:      layout_basic, kennysheep_vampire_church, lemuel_another_geyser,
          uniq_pikel
D:5:      layout_loops_ring, kennysheep_mini, minmay_temple_entry_sparse_star,
          first_ration, cheibrodos_sewer_entry_drain, kennysheep_generic_room_4
D:6:      layout_rooms, grunt_ministairs_11, st_stairs_12, nicolae_water_bricks,
          uniq_sigmund
D:7:      layout_basic
D:8:      minmay_statue_hallways, layout_loops_ring, old_standard_altar,
          lemuel_crystal_altar
D:9:      minmay_the_grid_3x2 [minmay_the_grid_stretched_grid,
          minmay_the_grid_tree, minmay_the_grid_minigrid_small,
          minmay_the_grid_tri_star, minmay_the_grid_square_x,
          minmay_the_grid_prize_inner_circle], layout_irregular_city,
          minmay_lair_entry_grove
D:10:     minmay_slanted_spiral_squares, layout_loops_ring
Temple:   jpeg_temple_clearing

Skill      XL: |  1  2  3  4  5  6  7  8  9 10 |
---------------+-------------------------------+-----
Dodging        | 1 2 |  2.0
Invocations    | 3 4 5 6 7 8 |  8.3
Armour         | 3 4 5 6 7 |  7.5
Fighting       | 4 5 6 7 8 |  8.0
Long Blades    | 3 5 6 8 9 |  9.4

Action                   |  1- 3 |  4- 6 |  7- 9 | 10-12 || total
-------------------------+-------+-------+-------+-------++-------
Melee: Falchion          |    98 |   285 |   287 |       ||   670
       Scimitar          |       |       |   197 |   235 ||   432
Throw: Boomerang         |       |       |       |     7 ||     7
Invok: Depart the Abyss  |     1 |       |       |       ||     1
       Banish            |       |       |     5 |     5 ||    10
 Abil: Dig               |       |       |     6 |     3 ||     9
  Use: Potion            |       |       |     3 |       ||     3
       Scroll            |       |       |    14 |     2 ||    16
  Eat: Chunk             |     2 |    11 |    12 |     2 ||    27
       Ration            |       |       |     2 |     2 ||     4
Armor: Leather armour    |    39 |       |       |       ||    39
       Ring mail         |     5 |    31 |       |       ||    36
       Chain mail        |       |   121 |   382 |   106 ||   609
Dodge: Dodged            |    76 |   154 |   256 |    82 ||   568
       Rpst.: Falchion   |    19 |    47 |    46 |       ||   112
       Scimitar          |       |       |    29 |    24 ||    53
